 Dungeon Crawl Stone Soup version 0.25.1-2-g60ff931df9 (webtiles) character file.

Game seed: 7688715740987411886

5138 Johnny the Spear-Bearer (level 10, -8/90 HPs)
             Began as a Demigod Gladiator on Aug 15, 2020.
             Mangled by an orc warrior
             ... wielding a +0 broad axe
              (26 damage)
             ... in a bailey.
             The game lasted 00:14:50 (12494 turns).

Johnny the Spear-Bearer (Demigod Gladiator)        Turns: 12494, Time: 00:14:51

Health: -8/90      AC: 14    Str: 23    XL:     10   Next: 11%
Magic:  0/13       EV: 11    Int: 12    God:
Gold:   199        SH:  0    Dex: 17    Spells: 9/9 levels left

rFire    + + .     SeeInvis .   b - +6 bardiche (vamp)
rCold    . . .     Gourm    .   (shield currently unavailable)
rNeg     . . .     Faith    .   t - +0 plate armour
rPois    .         Spirit   +   c - +0 helmet
rElec    .         Reflect  .   m - +0 cloak
rCorr    .         Harm     .   e - +0 pair of gloves
MR       +....                  n - +0 pair of boots
Stlth    ..........             g - amulet of guardian spirit
HPRegen  0.25/turn              D - +4 ring of evasion
MPRegen  0.13/turn              O - ring of protection from fire

@: no status effects
A: hooves 1, fire resistance 1, high mp 1, no potion heal 1
a: no special abilities


You were in a bailey.
You were not hungry.

You visited 1 branch of the dungeon, and saw 12 of its levels.
You also visited: Bailey.

You collected 494 gold pieces.
You spent 295 gold pieces at shops.

Inventory:

Hand Weapons
 a - a +0 trident
 b - a +6 vampiric bardiche (weapon)
 H - a +2 vorpal spear
 M - a +0 halberd
Armour
 c - a +0 helmet (worn)
 e - a +0 pair of gloves (worn)
 m - a +0 cloak (worn)
 n - a +0 pair of boots (worn)
 t - a +0 plate armour (worn)
Jewellery
 g - an amulet of guardian spirit (around neck)
 i - an uncursed ring of stealth
 p - an uncursed ring of fire
 A - an uncursed ring of wizardry
 D - a +4 ring of evasion (left hand)
 O - a ring of protection from fire (right hand)
Wands
 u - a wand of random effects (26)
 C - a wand of flame (4)
Scrolls
 j - 3 scrolls of magic mapping
 l - 3 scrolls of remove curse
 o - 2 scrolls of summoning {unknown}
 v - 2 scrolls of amnesia
 w - 4 scrolls of enchant weapon
 x - a scroll of blinking {unknown}
 y - a scroll of enchant armour
 B - a scroll of torment
 F - a scroll of immolation
Potions
 d - a potion of curing
 k - a potion of brilliance
Comestibles
 f - 10 rations
 q - 2 chunks of flesh


   Skills:
 + Level 8.4 Fighting
 * Level 11.6 Polearms
 - Level 1.7 Throwing
 - Level 2.6 Dodging


You had 9 spell levels left.
You didn't know any spells.
Your spell library contained the following spells:

 Spells                   Type           Power        Failure   Level  Hunger
 Confusing Touch          Hex            #.......     100%        3    ####...
 Gell's Gravitas          Tloc           #.........   100%        3    ####...
 Petrify                  Tmut/Erth      #.......     100%        4    #####..
 Metabolic Englaciation   Hex/Ice        #.........   100%        5    ######.
 Yara's Violent Unravell  Hex/Tmut       #.........   100%        5    ######.


Dungeon Overview and Level Annotations

Branches:
Dungeon (12/15)            Temple (0/1) D:5            Lair (0/6) D:9
 Bailey (1/1)
    Orc: D:9-12

Shops:
D:6 ?   D:10 !

Annotations:
D:2 1 runed translucent door, Crazy Yiuf


Innate Abilities, Weirdness & Mutations

You have an increased reservoir of magic. (+10% MP)
You have large cloven feet.
Your flesh is heat resistant. (rF+)
Potions are less effective at restoring your health.


Message History

You completely miss the orc.
The orc warrior shouts!
An orc warlord comes into view.
It is wielding a +0 great sword and wearing a +4 chain mail of cold resistance.
The orc barely misses you. The orc warlord closely misses you.
You closely miss the orc. The orc hits you but does no damage.
A hobgoblin comes into view. It is wielding a +0 hand axe.
The orc warlord hits you but does no damage.
The orc barely misses you.
Unknown command.
As you read the scroll of magic mapping, it crumbles to dust.
You feel aware of your surroundings. The orc barely misses you.
Unknown command.
The orc warlord roars a battlecry!
The orcs go into a battle-frenzy!
You hear a shout! x2
The orc warrior misses you.
An orc comes into view. It is wielding a +0 hand axe.
The orc closely misses you.
The orc warrior hits you with a +0 broad axe!!
You die...

#?....o....8##g...,,,,,,#....)...
##.........###,,,.,,,,,*##...)...
###.....###.###,,,,,***,###)....
###.#'#.....###,***,,,,,#'#.##
###.o.......##*,,,,,,,..###
#...........#,,,,.,,,...*
#...........#,,...,,....*
#.....⌠.oo..#.....⌠,....#
#......go.@.'.....,.....#
#...........#.....,,,,,,*
##.........##*....,,,,,**
###.....### ***,.,,,*** ###.###
***,*** ##* ***


You could see an orc warlord, an orc warrior (strong), 2 orcs and a hobgoblin.

Vanquished Creatures
  A death yak (D:8)
  Prince Ribbit (D:8)
  A hippogriff (D:10)
  A vampire (D:12)
  2 wyverns
  A hungry ghost (D:8)
  2 vampire mosquitoes (D:12)
  Menkaure (D:5)
  9 orc warriors
  2 phantoms
  An eye of draining (D:9)
  A centaur (D:6)
  2 ice beasts
  2 ogres
  6 bullfrogs
  2 scorpions
  A howler monkey (D:5)
  A bullfrog zombie (D:12)
  A crimson imp (D:8)
  A quasit (D:8)
  3 hounds
  A bullfrog skeleton (D:6)
  A centaur skeleton (D:5)
  An orc priest (D:8)
  6 orc wizards
  4 iguanas
  7 worker ants
  2 hound skeletons
  13 gnolls
  7 adders
  A howler monkey skeleton (D:7)
  A shadow imp (D:6)
  An ooze (D:4)
  2 adder zombies
  An adder skeleton (D:7)
  5 worms
  2 dart slugs
  4 leopard geckos
  41 orcs
  4 giant cockroaches
  28 goblins
  18 hobgoblins
  20 jackals
  2 quokkas
  10 bats
  4 frilled lizards
  5 kobolds
  A quokka skeleton (D:5)
  6 rats
240 creatures vanquished.

Notes
Turn   | Place    | Note
-------+----------+-------------------------------------------
     0 | D:1      | Johnny the Demigod Gladiator began the quest for the Orb.
     0 | D:1      | Reached XP level 1. HP: 17/17 MP: 3/3
   549 | D:1      | Reached skill level 3 in Polearms
   756 | D:1      | Reached XP level 2. HP: 23/24 MP: 4/4
  1440 | D:2      | Reached XP level 3. HP: 30/30 MP: 5/5
  1559 | D:2      | Found an opulent altar of Gozag.
  1822 | D:2      | Found a runed translucent door.
  1823 | D:2      | Noticed Crazy Yiuf
  1989 | D:2      | Reached skill level 4 in Polearms
  2289 | D:3      | You fall into a shaft and drop 2 floors!
  2289 | D:5      | Entered Level 5 of the Dungeon
  2298 | D:5      | Reached XP level 4. HP: 22/37 MP: 6/6
  2754 | D:3      | Found a basalt altar of Yredelemnul.
  2770 | D:3      | Found an iron altar of Okawaru.
  2788 | D:3      | Reached XP level 5. HP: 45/45 MP: 7/7
  3052 | D:3      | Found an ancient bone altar of Kikubaaqudgha.
  3320 | D:3      | HP: 1/45 [orc/cursed +0 short sword (7)]
  3647 | D:4      | Reached skill level 5 in Polearms
  4447 | D:4      | Noticed a phantom
  4523 | D:4      | Killed a phantom
  4523 | D:4      | Reached XP level 6. HP: 47/52 MP: 8/8
  4821 | D:5      | Found a staircase to the Ecumenical Temple.
  5475 | D:5      | Reached skill level 6 in Polearms
  5782 | D:5      | Noticed Menkaure
  5791 | D:5      | HP: 1/78 [Menkaure (9)]
  5797 | D:5      | Killed Menkaure
  5999 | D:5      | Reached XP level 7. HP: 55/60 MP: 9/9
  6220 | D:6      | Found Iffus's Magic Scroll Emporium.
  6246 | D:6      | Bought a scroll of identify for 22 gold pieces
  6246 | D:6      | Bought a scroll of enchant weapon for 82 gold pieces
  6246 | D:6      | Bought a scroll of fear for 38 gold pieces
  6246 | D:6      | Bought a scroll of teleportation for 33 gold pieces
  6246 | D:6      | Bought a scroll of magic mapping for 38 gold pieces
  6246 | D:6      | Bought a scroll of enchant armour for 82 gold pieces
  6493 | D:4      | Reached skill level 7 in Polearms
  6701 | D:6      | Found a glowing golden altar of the Shining One.
  6714 | D:6      | Reached skill level 5 in Fighting
  7231 | D:6      | Reached skill level 8 in Polearms
  7231 | D:6      | Reached XP level 8. HP: 45/69 MP: 10/10
  8470 | D:7      | Reached skill level 9 in Polearms
  8878 | D:8      | Found a hazy altar of Hepliaklqana.
  8892 | D:8      | Noticed a +0 hand axe
  8893 | D:8      | Noticed a +0 dagger
  8897 | D:8      | Found a hide-covered altar of Uskayaw.
  9370 | D:8      | Reached XP level 9. HP: 69/78 MP: 11/11
  9463 | D:8      | Found a burning altar of Makhleb.
  9463 | D:8      | Found a shimmering blue altar of Sif Muna.
  9494 | D:8      | Noticed Prince Ribbit
  9552 | D:8      | Killed Prince Ribbit
  9552 | D:8      | Reached skill level 10 in Polearms
  9842 | D:9      | Noticed a death yak
  9849 | D:9      | Noticed a death yak
  9850 | D:9      | Noticed a death yak
  9873 | D:8      | Killed a death yak
 10332 | D:9      | Found a staircase to the Lair.
 10411 | D:9      | Found a stormy altar of Qazlal.
 10613 | D:9      | Noticed a death yak
 10708 | D:10     | Entered Level 10 of the Dungeon
 10708 | D:10     | Found Paubo's Distillery.
 11322 | D:11     | Reached skill level 11 in Polearms
 11431 | D:11     | Noticed an orc knight
 11513 | D:12     | Gained mutation: Potions are less effective at restoring
                  | your health. [potion of mutation]
 11513 | D:12     | Gained mutation: Your flesh is heat resistant. (rF+)
                  | [potion of mutation]
 11513 | D:12     | Gained mutation: You have large cloven feet. [potion of
                  | mutation]
 11547 | D:12     | Noticed a white ugly thing
 11578 | D:12     | Noticed a red ugly thing
 11655 | D:12     | Found a flagged portal.
 11666 | Bailey   | Entered a bailey
 11903 | Bailey   | Reached XP level 10. HP: 58/88 MP: 13/13
 12192 | Bailey   | Identified a scroll of acquirement
 12192 | Bailey   | Acquired a +6 vampiric bardiche
 12199 | Bailey   | HP: 1/89 [orc warrior/+0 battleaxe (21)]
 12486 | Bailey   | Noticed an orc warlord
 12494 | Bailey   | Mangled by an orc warrior

Illustrated notes

Levels and vault maps discovered:
D:1:      lightli_arrival_chessboard, layout_basic
D:2:      layout_loops_ring, old_standard_altar, uniq_crazy_yiuf_cottage
D:3:      layout_loops_ring, lemuel_round_altar, okawaru_ov_weapons_minmay,
          kiku_gazebo_pond_becter
D:4:      layout_layer_cave
D:5:      layout_basic, minmay_temple_entry_trees, first_ration, uniq_menkaure
D:6:      layout_loops_corners, tso_metal_star, serial_shops, shop
D:7:      cheibrodos_quashed, layout_cave_pools
D:8:      layout_cave_pools, lemuel_round_altar,
          gammafunk_temple_overflow_elements, dancing_weapons_uskayaw,
          special_room [special_room_orc], uniq_prince_ribbit1
D:9:      layout_irregular_city, nicolae_qazlal_style_of_elements,
          dpeg_lair_monsters
D:10:     layout_cave_pods, serial_shops, shop
D:11:     minmay_inside_and_out, layout_irregular_city, the_bakery,
          nrook_pool_corridor, uniq_fannar, uniq_urug
D:12:     layout_basic, enter_bailey_3
Bailey:   bailey_axe_minmay_hex_keep, bailey

Skill      XL: |  1  2  3  4  5  6  7  8  9 |
---------------+----------------------------+-----
Fighting       | 2 3 4 5 6 8 |  8.4
Polearms       | 3 4 5 6 8 9 11 | 11.6
Throwing       | |  1.7
Dodging        | |  2.6

Action                   |  1- 3 |  4- 6 |  7- 9 | 10-12 || total
-------------------------+-------+-------+-------+-------++-------
Melee: Trident           |   128 |   198 |   263 |       ||   589
       Halberd           |       |       |   235 |   106 ||   341
       Bardiche          |       |       |       |    45 ||    45
Throw: Throwing net      |       |       |     4 |       ||     4
Evoke: Wand              |       |     7 |    25 |     1 ||    33
  Use: Potion            |       |     3 |    10 |     1 ||    14
       Scroll            |       |     1 |    16 |     6 ||    23
 Stab: Sleeping          |     6 |     6 |     6 |       ||    18
       Paralysed         |       |     6 |       |       ||     6
       Distracted        |       |       |     1 |       ||     1
       Held in net/web   |       |       |     2 |       ||     2
       Invisible         |       |       |     1 |       ||     1
  Eat: Chunk             |     4 |     8 |    11 |       ||    23
       Ration            |       |     1 |     4 |       ||     5
Armor: Leather armour    |    29 |    37 |    12 |       ||    78
       Skin              |       |     4 |     1 |       ||     5
       Plate armour      |       |       |   219 |    76 ||   295
Dodge: Dodged            |    73 |   104 |   269 |    85 ||   531
